[Event "*** Titled Tuesday Blitz"]
[Site "Chess.com"]
[Date "2020.05.05"]
[Round "3"]
[White "Apocalyps999"]
[Black "ArnaudovP"]
[Result "1/2-1/2"]
[WhiteElo "2407"]
[BlackElo "2598"]
[TimeControl "180+1"]
[EndTime "10:29:36 PDT"]
[Termination "Game drawn by repetition"]

1. e4 c6 2. c4 d5 3. exd5 cxd5 4. cxd5 Nf6 5. Nc3 g6 6. Nf3 Bg7 7. Bb5+ Nbd7 8. d6 exd6 9. Qe2+ Qe7 10. Qxe7+ Kxe7 11. O-O Rd8 12. d3 a6 13. Ba4 b5 14. Bb3 Bb7 15. Ng5 Nc5 16. Bxf7 h6 17. Re1+ Kf8 18. Bxg6 hxg5 19. d4 Ncd7 20. Bxg5 b4 21. Ne2 Bd5 22. Nf4 Bf7 23. Ne6+ Bxe6 24. Rxe6 Rab8 25. Rc1 Rdc8 26. Rce1 Rb5 27. h4 Kg8 28. Re7 Rf8 29. f4 Nb6 30. h5 Ng4 31. Rxg7+ Kxg7 32. Re7+ Kh8 33. h6 Nd5 34. Rh7+ Kg8 35. Rg7+ Kh8 36. Rh7+ Kg8 37. Rg7+ Kh8 38. Rh7+ 1/2-1/2

[Event "*** Titled Tuesday Blitz"]
[Site "Chess.com"]
[Date "2020.05.05"]
[Round "3"]
[White "Cocaino74"]
[Black "GelmanAlexander"]
[Result "1-0"]
[WhiteElo "2357"]
[BlackElo "2518"]
[TimeControl "180+1"]
[EndTime "10:29:36 PDT"]
[Termination "Cocaino74 won on time"]

1. e4 c5 2. Ne2 e6 3. g3 d6 4. Bg2 Nf6 5. c3 Nc6 6. d4 Be7 7. O-O O-O 8. a4 Qc7 9. h3 a6 10. Be3 Rd8 11. f4 Rb8 12. d5 exd5 13. exd5 Na5 14. Nd2 b5 15. Kh2 b4 16. g4 bxc3 17.
bxc3 Re8 18. Ng3 Bf8 19. Qf3 Rb2 20. Rfb1 Rxb1 21. Rxb1 Nxd5 22. Qxd5 Rxe3 23. Nc4 Be6 24. Nxe3 Bxd5 25. Nxd5 Qd8 26. Rb6 Qc8 27. Ne4 Nc4 28.
Rb1 h6 29. Kg3 Qe8 30. Nef6+ gxf6 31. Nxf6+ Kh8 32. Nxe8 1-0

[Event "*** Titled Tuesday Blitz"]
[Site "Chess.com"]
[Date "2020.05.05"]
[Round "3"]
[White "heartofatiger"]
[Black "Benjoneliere44"]
[Result "1-0"]
[WhiteElo "2400"]
[BlackElo "2562"]
[TimeControl "180+1"]
[EndTime "10:29:37 PDT"]
[Termination "heartofatiger won by resignation"]

1. d4 d6 2. e4 g6 3. Be3 Nd7 4.
Qd2 Ngf6 5. f3 Bg7 6. c4 O-O 7. Ne2 e5 8. d5 Nh5 9. Nbc3 f5 10. O-O-O a6 11. Kb1 fxe4 12. fxe4 b5 13. cxb5 axb5 14. Nxb5 Nc5 15. Nec3 Bd7 16. Bxc5 dxc5 17. d6 c6 18. Bc4+ Kh8 19. Nc7 Rb8 20. Ne6 Bxe6 21. Bxe6 Rb4 22.
d7 Nf4 23. Bb3 Rd4 24. Qc2 Qxd7 25. Na4 Rd8 26. Nxc5 Qa7 27. Rxd4 exd4 28. Nd3 Nxd3 29. Qxd3 Qe7 30. Rf1 Rf8 31. Rxf8+ Qxf8 32. a4 h5 33. Ka2 Qb4 34. Qc4 Qxc4 35. Bxc4 Be5 36. h3 Kg7 37. a5 Kf6 38. a6 Bb8 39. Kb3 Ke5 40. Bf7 Kxe4 41.
Bxg6+ Ke3 42. Bxh5 d3 43. Bf3 c5 44. h4 Kd4 45. h5 c4+ 46. Kb4 1-0

[Event "*** Titled Tuesday Blitz"]
[Site "Chess.com"]
[Date "2020.05.05"]
[Round "3"]
[White "XDPS"]
[Black "RestartingChess"]
[Result "1-0"]
[WhiteElo "2713"]
[BlackElo "2486"]
[TimeControl "180+1"]
[EndTime "10:29:38 PDT"]
[Termination "XDPS won by resignation"]

1. e4 d5 2. exd5 Qxd5 3. Nc3 Qd6 4. Nf3 Nf6 5. d4 Bg4 6. h3 Bxf3 7. Qxf3 c6 8. Be3 e6 9. Bc4 Be7 10. O-O Nbd7 11.
Rad1 O-O 12. Rfe1 Nb6 13. Bb3 Nbd5 14. Bg5 Nxc3 15. bxc3 a5 16. a4 b5 17. axb5 cxb5 18.
c4 a4 19. c5 Qc7 20. Ba2 Rfd8 21. c3 Ra6 22. Rb1 Ra5 23. Bf4 Qa7 24. Qc6 Qd7 25.
Qb6 Rda8 26. Rxe6 R5a6 27. Qxa6 Rxa6 28. Rxa6 h6 29. c6 Qc8 30. Rb6 Ne8 31. d5 Qf5 32. Be3 Bd6 33. R6xb5 a3 34. Bc4 Qe5 35. g3 Qxc3 36. Ba2 Bxg3 37. R5b3 Qe5 38. fxg3 Qxg3+ 39. Kf1 Qxh3+ 40. Ke1 Qh1+ 41. Ke2 Qg2+ 42. Bf2 Qe4+ 43. Re3 Qc2+ 44. Kf1 Qd2 45. Rxe8+ Kh7 46. Re2 Qd3 47. c7 Qh3+ 48. Ke1 Qd7 49. Rc1 Qc8 50. d6 1-0

[Event "*** Titled Tuesday Blitz"]
[Site "Chess.com"]
[Date "2020.05.05"]
[Round "3"]
[White "plumalka"]
[Black "EugeneRougon"]
[Result "1-0"]
[WhiteElo "2457"]
[BlackElo "2745"]
[TimeControl "180+1"]
[EndTime "10:29:38 PDT"]
[Termination "plumalka won by resignation"]

1. e4 d6 2. d4 Nf6 3. Nc3 g6 4. f4 Bg7 5. Nf3 O-O 6. Bd3 Nc6 7. e5 dxe5 8. fxe5 Nh5 9. Be3 Bg4 10. Be4 f6 11. exf6 Nxf6 12. Bxc6 bxc6 13. O-O Nd5 14. Nxd5 Qxd5 15. h3 Bxf3 16. Rxf3 Rxf3 17. Qxf3 Qc4 18. Qe4 Rf8 19. Re1 c5 20. c3 cxd4 21.
Bxd4 e5 22. b3 Qe6 23. Bxa7 Qa6 24. Bc5 Re8 25. a4 Qe6 26. b4 h6 27. a5 Kh7 28. Rf1 Rd8 29. Qe2 e4 30. a6 Bxc3 31. a7 Bg7 32. Re1 Re8 33. Qxe4 Qxe4 34. Rxe4 Ra8 35. Re7 Kg8 36. Rxc7 Be5 37. Rb7 h5 38. b5 Bg3 39. Bf2 Be5 40. b6 Bf4 41. Rd7 1-0

[Event "*** Titled Tuesday Blitz"]
[Site "Chess.com"]
[Date "2020.05.05"]
[Round "3"]
[White "KaterinaMiroshnik"]
[Black "Zavgorodniy_Serg"]
[Result "1-0"]
[WhiteElo "2437"]
[BlackElo "2662"]
[TimeControl "180+1"]
[EndTime "10:29:38 PDT"]
[Termination "KaterinaMiroshnik won by resignation"]

1. d3 Nf6 2. Nd2 d6 3. Ngf3 g6 4. e4 Bg7 5. Be2 O-O 6. O-O c5 7. c3 Nc6 8. d4 cxd4 9. cxd4 e5 10. d5 Ne7 11. Ne1 Ne8 12. a4 f5 13. f3 Nf6 14.
a5 a6 15. Nd3 g5 16. Ra4 Ng6 17.
Nb3 f4 18. Nd2 h5 19. Nc4 g4 20. Rb4 Nh4 21. Rb6 Ne8 22. fxg4 Qg5 23. g3 hxg4 24. gxh4 Qxh4 25. Nxf4 exf4 26. Bxf4 Rxf4 27. Rxf4 Bh6 28. Rf2 Nf6 29. e5 Ne4 30. Rg2 g3 31. hxg3 Qh3 32.
Bf1 Bg4 33. Be2 Bxe2 34. Qxe2 Rf8 35. Rxd6 Ng5 36. Rg6+ Kh8 37. Rxg5 Bxg5 38. Rh2 1-0

[Event "*** Titled Tuesday Blitz"]
[Site "Chess.com"]
[Date "2020.05.05"]
[Round "3"]
[White "THE_PLAYER6"]
[Black "Aygehovit1992"]
[Result "0-1"]
[WhiteElo "2418"]
[BlackElo "2674"]
[TimeControl "180+1"]
[EndTime "10:29:38 PDT"]
[Termination "Aygehovit1992 won by checkmate"]

1. d4 d6 2. g3 Nf6 3. Bg2 g6 4. e4 Bg7 5. Ne2 O-O 6. O-O e5 7. h3 Nc6 8. Be3 exd4 9. Nxd4 Re8 10. Nc3 Bd7 11. Re1 a6 12. a4 Nxd4 13. Bxd4 c5 14. Be3 Bc6 15. Bf4 Re6 16. Nd5 Bxd5 17. exd5 Rxe1+ 18. Qxe1 Qd7 19. Qd2 Re8 20. a5 Nh5 21. Be3 Bxb2 22.
Rb1 Be5 23. g4 Ng7 24. Bf1 h5 25. Be2 hxg4 26. hxg4 f5 27. f4 Bd4 28. Bxd4 cxd4 29. g5 Re4 30. Bf3 Re3 31. Kf2 Qa4 32. Rxb7 Qa3 33.
Rxg7+ Kf8 34. Bg2 Qc5 35. Rxg6 d3 36. Rf6+ Kg7 37. Kf1 dxc2 38. Qc1 Qc4+ 39. Kg1 Qd4 40. Kh2 Qxf4+ 41. Kg1 Qd4 42. Qxc2 Re1+ 43. Kh2 Qh4+ 44. Bh3 Qf4+ 45. Kg2 Qf1+ 46. Kh2 Qg1# 0-1

[Event "*** Titled Tuesday Blitz"]
[Site "Chess.com"]
[Date "2020.05.05"]
[Round "3"]
[White "Angel_Hranitel_37"]
[Black "gurelediz"]
[Result "1-0"]
[WhiteElo "2385"]
[BlackElo "2569"]
[TimeControl "180+1"]
[EndTime "10:29:38 PDT"]
[Termination "Angel_Hranitel_37 won on time"]

1. d4 Nf6 2. Nf3 e6 3. g3 c5 4.
c3 cxd4 5. Nxd4 Nc6 6. Bg2 Nxd4 7.
cxd4 d5 8. O-O Bd6 9. Nc3 O-O 10. Bf4 Bxf4 11. gxf4 a6 12. a4 b6 13. e3 Bb7 14. Kh1 Rc8 15. Rg1 Qd6 16. Bf1 Rc7 17.
Bd3 Rfc8 18. Qe2 h6 19. Bxa6 Bxa6 20. Qxa6 Qb4 21. Rab1 Ne4 22. Nxe4 dxe4 23. Qf1 g6 24. Qh3 Kg7 25. f5 exf5 26. Qxf5 Qe7 27. b4 Rc2 28. a5 Qh4 29. Qe5+ Kh7 30. axb6 Rxf2 31. Rbf1 Rcc2 32. Rxf2 Rxf2 33. b7 Qh3 34. Qg3 Qxg3 35. hxg3 1-0

[Event "*** Titled Tuesday Blitz"]
[Site "Chess.com"]
[Date "2020.05.05"]
[Round "3"]
[White "Lubov_Gordyk"]
[Black "Nakachuk"]
[Result "1/2-1/2"]
[WhiteElo "2635"]
[BlackElo "2877"]
[TimeControl "180+1"]
[EndTime "10:29:39 PDT"]
[Termination "Game drawn by repetition"]

1. e4 c5 2. g3 e6 3. Bg2 Nf6 4. f4 d5 5. e5 Nfd7 6. Nf3 Nc6 7.
d3 Be7 8. c4 d4 9. Nbd2 Qc7 10.
O-O b6 11. Ne4 Bb7 12. Bd2 O-O-O 13. a3 a5 14. Qe2 h6 15. h4 Kb8 16. Rae1 Rde8 17.
h5 Rhg8 18. Nh2 g6 19. hxg6 Rxg6 20. g4 Reg8 21. Kh1 Ka7 22. Rg1 Qd8 23. Ref1 R6g7 24. Ra1 f6 25. exf6 Nxf6 26. Nxf6 Bxf6 27. b4 e5 28.
bxc5 bxc5 29. Rab1 Ba8 30. Bd5 exf4 31. Bxf4 Re8 32.
Qb2 Ne5 33. Bxa8 Qxa8+ 34. Rg2 Rb7 35. Qxb7+ Qxb7 36. Rxb7+ Kxb7 37. Re2 Kc6 38. Bxe5 Rxe5 39. Rxe5 Bxe5 40. Nf3 Bf4 41. a4 Kd6 42. Kg2 Ke6 43. Nh4 Kf6 44. Kf3 Bg5 45. Nf5 Ke5 46. Ng3 Bh4 47.
Ne4 Be7 48. Nd2 Bd8 49. Nb3 Bb6 50. Kg3 Kf6 51. Kf4 Bc7+ 52. Kf3 Bb6 53. Nd2 Ke5 54. Kg3 Bc7 55. Ne4 Bb6 56. Kf3 Ba7 57. Ng3 Kf6 58.
Ne4+ Ke5 59. Kg3 Bb6 60. Nd2 Bd8 61. Nb3 Bb6 62. Nd2 1/2-1/2

[Event "*** Titled Tuesday Blitz"]
[Site "Chess.com"]
[Date "2020.05.05"]
[Round "3"]
[White "mirciulica14"]
[Black "TerorPtica"]
[Result "0-1"]
[WhiteElo "2622"]
[BlackElo "2874"]
[TimeControl "180+1"]
[EndTime "10:29:39 PDT"]
[Termination "TerorPtica won by resignation"]

1. d4 Nf6 2. c4 e6 3. Nf3 d5 4. Nc3 Bb4 5. cxd5 exd5 6. Bg5 h6 7. Bh4 O-O 8. e3 Bf5 9. Qb3 Bxc3+ 10. Qxc3 Nbd7 11.
Nd2 c6 12. Be2 Ne4 13. Nxe4 Qxh4 14. Nd6 Be4 15. Nxe4 Qxe4 16. O-O Nf6 17. f3 Qe7 18. Rae1 Rac8 19. Bd3 c5 20. dxc5 Rxc5 21. Qd4 b6 22. g4 Rfc8 23. Qf4 Nd7 24. Bf5 Rc4 25. Qg3 R8c5 26.
h4 Nf8 27. g5 hxg5 28. hxg5 g6 29. Bd3 Rc1 30. Rxc1 Rxc1 31. Qf4 Rxf1+ 32. Kxf1 Ne6 33. Qb8+ Kh7 34. f4 Nc5 35. Be2 Qxe3 36. Qc7 Kg7 37. Qd6 Ne6 38. Bg4 Qxf4+ 39. Qxf4 Nxf4 40. Bf3 d4 41. Ke1 Ne6 0-1

[Event "*** Titled Tuesday Blitz"]
[Site "Chess.com"]
[Date "2020.05.05"]
[Round "3"]
[White "Rsnr"]
[Black "DrVitman"]
[Result "0-1"]
[WhiteElo "2700"]
[BlackElo "2503"]
[TimeControl "180+1"]
[EndTime "10:29:39 PDT"]
[Termination "DrVitman won by resignation"]

1. d4 Nf6 2. c4 g6 3. g3 Bg7 4. Bg2 O-O 5. Nc3 d6 6. Nf3 c6 7.
O-O Qa5 8. e4 e5 9. h3 Nbd7 10.
Qc2 exd4 11. Nxd4 Re8 12. Be3 Qc7 13. Rfd1 Nc5 14. Ndb5 cxb5 15. Nxb5 Qa5 16. Nxd6 Re7 17. Nb5 Ncxe4 18. b4 Qxb4 19. Rd8+ Ne8 20. Rad1 Nf6 21.
a3 Qa5 22. Bc5 Re1+ 23. Kh2 Bf5 24. Qd2 Qxd2 25. R1xd2 Rxd8 26. Rxd8 b6 27. Bd4 h5 28. Nc7 Kh7 29. Nb5 Be6 30. c5 bxc5 31. Bxc5 a6 32.
Nd4 Nc7 33. Rd6 Rc1 34. Bb6 Nb5 35. Nxe6 Nxd6 0-1

[Event "*** Titled Tuesday Blitz"]
[Site "Chess.com"]
[Date "2020.05.05"]
[Round "3"]
[White "TregubovP"]
[Black "wanyaland"]
[Result "0-1"]
[WhiteElo "2476"]
[BlackElo "2277"]
[TimeControl "180+1"]
[EndTime "10:29:39 PDT"]
[Termination "wanyaland won by resignation"]

1. e4 e5 2. Nf3 Nc6 3. Bb5 a6 4. Ba4 Nf6 5. d4 exd4 6. O-O b5 7. Bb3 d6 8. a4 Bb7 9. c3 dxc3 10.
Nxc3 b4 11. Nd5 Be7 12. Nxe7 Nxe7 13. e5 Bxf3 14. Qxf3 dxe5 15. Rd1 Qc8 16. Bg5 e4 17.
Qg3 Ng6 18. Rac1 O-O 19. Bxf6 gxf6 20. Rxc7 Qe8 21. Rdd7 Rd8 22. Rxd8 Qxd8 23. h4 Kh8 24. Bxf7 Ne5 25. Ra7 Rxf7 26. Rxf7 Nxf7 27. Qf4 Qd6 28. Qxe4 Qe5 29. Qa8+ Kg7 30. Qxa6 Qxb2 31. a5 b3 32. Qb6 Qc1+ 33. Kh2 b2 34. g3 b1=Q 0-1

[Event "*** Titled Tuesday Blitz"]
[Site "Chess.com"]
[Date "2020.05.05"]
[Round "3"]
[White "CrushingKings"]
[Black "Funkmaus"]
[Result "1-0"]
[WhiteElo "2444"]
[BlackElo "2214"]
[TimeControl "180+1"]
[EndTime "10:29:39 PDT"]
[Termination "CrushingKings won by resignation"]

1. e4 c6 2. Nf3 d5 3. Nc3 dxe4 4. Nxe4 Nf6 5. Nxf6+ exf6 6. d4 Bd6 7. Be2 O-O 8. h3 Bf5 9. O-O Nd7 10. Re1 Qc7 11. c4 c5 12. Be3 Rfe8 13. dxc5 Bxc5 14. Nd4 Bg6 15. Nb5 Qc6 16. Bf3 Be4 17. Bxe4 Rxe4 18.
Bxc5 Rxe1+ 19. Qxe1 Qxc5 20. Qe4 Rb8 21. Rd1 Ne5 22. b3 a6 23. Rd5 Qb4 24. Nd6 Qc3 25.
Nxb7 Qc1+ 26. Kh2 Ng6 27. Nc5 Qf1 28. Nxa6 Rf8 29. Rd2 h6 30. Nc7 f5 31. Qxf5 Nh4 32.
Qg4 g5 33. Nd5 f5 34. Qg3 Re8 35. Nf6+ Kf7 36. Nxe8 Kxe8 37. Qe5+ Kf7 38. Rd7+ Kg6 39. Rg7+ Kh5 40. Qe8+ 1-0

[Event "*** Titled Tuesday Blitz"]
[Site "Chess.com"]
[Date "2020.05.05"]
[Round "3"]
[White "maciek_92"]
[Black "Grandmaster2B"]
[Result "1-0"]
[WhiteElo "2711"]
[BlackElo "2481"]
[TimeControl "180+1"]
[EndTime "10:29:40 PDT"]
[Termination "maciek_92 won on time"]

1. e4 c5 2. Nf3 d6 3. d4 cxd4 4. Nxd4 Nf6 5. Nc3 a6 6. h3 e5 7. Nde2 Be6 8. g4 d5 9. g5 Nxe4 10. Nxe4 dxe4 11. Qxd8+ Kxd8 12. Bg2 Nc6 13. Be3 Kc7 14.
Bxe4 Rd8 15. a3 Be7 16. f4 exf4 17. Nxf4 Nd4 18. O-O-O Bxg5 19. Kb1 Bf6 20. c3 Nc6 21. Nxe6+ fxe6 22. Rxd8 Bxd8 23. h4 Bf6 24. h5 h6 25. Kc2 Rd8 26. b4 Rc8 27. Rd1 Rd8 28.
Re1 Kb8 29. a4 Rc8 30. Bc5 Ne5 31. Kb3 Nd7 32. Bd6+ Ka7 33. Re3 Nb6 34. Bc5 Rxc5 35.
bxc5 Nd7 36. c6 1-0

[Event "*** Titled Tuesday Blitz"]
[Site "Chess.com"]
[Date "2020.05.05"]
[Round "3"]
[White "Zq1"]
[Black "okriak"]
[Result "1-0"]
[WhiteElo "2555"]
[BlackElo "2805"]
[TimeControl "180+1"]
[EndTime "10:29:40 PDT"]
[Termination "Zq1 won by checkmate"]

1. d4 d5 2. c4 e6 3. Nc3 c6 4.
e3 Nf6 5. Nf3 Nbd7 6. Qc2 b6 7.
b3 Bb7 8. Be2 Bd6 9. O-O Qe7 10.
Bb2 Ba3 11. Rad1 Bxb2 12. Qxb2 O-O 13. Bd3 Rac8 14. Rfe1 Rfd8 15. e4 dxe4 16. Nxe4 c5 17. d5 exd5 18. Nc3 Qf8 19. cxd5 Nxd5 20. Nxd5 Bxd5 21.
Bxh7+ Kxh7 22. Rxd5 Nf6 23. Rf5 Re8 24. Rfe5 Rxe5 25.
Rxe5 Re8 26. h3 Rxe5 27. Qxe5 Qd8 28. g4 Qd3 29. Kg2 Qe4 30. Kg3 Qxe5+ 31. Nxe5 Kg8 32. Nc6 a5 33. Kf4 Nd5+ 34. Ke5 Nc3 35. a4 Nb1 36. Ne7+ Kh7 37. Nd5 Nd2 38. Nxb6 Nxb3 39. Kd5 Nd2 40. Kxc5 Ne4+ 41. Kb5 Nxf2 42. Kxa5 Nxh3 43. Kb5 Nf4 44. a5 Ne6 45. Nd5 Nd4+ 46. Kb6 f5 47. a6 fxg4 48. a7 g3 49. Ne3 Nf5 50. Ng2 Nd6 51.
a8=Q Nc4+ 52. Kc5 Ne5 53. Qe4+ Ng6 54. Nh4 g2 55. Qxg6+ Kh8 56. Nxg2 Kg8 57. Nf4 Kf8 58. Nd5 Kg8 59. Kd6 Kf8 60. Ke6 Kg8 61. Ne7+ Kf8 62.
Qf7# 1-0

[Event "*** Titled Tuesday Blitz"]
[Site "Chess.com"]
[Date "2020.05.05"]
[Round "3"]
[White "blitzking1729"]
[Black "bascheyaro"]
[Result "1/2-1/2"]
[WhiteElo "2492"]
[BlackElo "2701"]
[TimeControl "180+1"]
[EndTime "10:29:40 PDT"]
[Termination "Game drawn by agreement"]

1. d4 d5 2. c4 c6 3. Nf3 Nf6 4. Qc2 g6 5. Bf4 Bf5 6. Qb3 Qb6 7. e3 Nbd7 8. Nc3 e6 9. cxd5 exd5 10. Qxb6 axb6 11.
a3 b5 12. Rc1 b4 13. axb4 Bxb4 14. Nd2 Nh5 15. Bg3 Nxg3 16. hxg3 O-O 17. Be2 Ra7 18.
g4 Be6 19. f4 Nf6 20. f5 gxf5 21. gxf5 Bd7 22. g4 Re8 23. Kf2 Bxc3 24. Rxc3 Ra2 25. Rb3 b5 26. Rh6 Kg7 27. g5 Ne4+ 28. Nxe4 dxe4 29.
Rd6 Bxf5 30. Rxc6 Rb8 31. d5 b4 32. d6 Be6 33. Bc4 Bd7 34. Rc7 Ba4 35. Bxf7 Kf8 36. Kg3 Bxb3 37. Bxb3 Rxb2 38. Rxh7 Rxb3 39. Rh8+ Kf7 40.
Rxb8 Rxe3+ 41. Kf4 Rd3 42. Rxb4 Rxd6 43. Rxe4 Kg6 44. Ra4 Rb6 1/2-1/2

[Event "*** Titled Tuesday Blitz"]
[Site "Chess.com"]
[Date "2020.05.05"]
[Round "3"]
[White "2nd_life"]
[Black "Abund"]
[Result "1-0"]
[WhiteElo "2428"]
[BlackElo "2636"]
[TimeControl "180+1"]
[EndTime "10:29:41 PDT"]
[Termination "2nd_life won on time"]

1. e4 c5 2. Nf3 Nc6 3. Bb5 g6 4. Bxc6 dxc6 5. d3 Bg7 6. h3 Nf6 7. O-O Nd7 8. a3 e5 9. b4 Qe7 10. Nbd2 a5 11. bxc5 Nxc5 12. a4 b5 13. axb5 cxb5 14.
Ba3 Bb7 15. c3 Qc7 16. Nb3 Na4 17. Rc1 Bf8 18. Bxf8 Kxf8 19. d4 Nxc3 20. Qd2 b4 21.
Qh6+ Kg8 22. Nxe5 f6 23. Ng4 Rf8 24. e5 fxe5 25. dxe5 Qg7 26. Qe3 Qe7 27. Nxa5 Bc8 28. Nc6 Qe6 29. Nxb4 Nd5 30. Nxd5 Qxd5 31. Rxc8 Qe6 32. Nf6+ Kg7 33. Rc7+ Rf7 34. Rxf7+ Kxf7 35. Rd1 Qxf6 36. exf6 1-0

[Event "*** Titled Tuesday Blitz"]
[Site "Chess.com"]
[Date "2020.05.05"]
[Round "3"]
[White "MisiekZielony"]
[Black "dbrankovic68"]
[Result "1-0"]
[WhiteElo "2154"]
[BlackElo "2461"]
[TimeControl "180+1"]
[EndTime "10:29:41 PDT"]
[Termination "MisiekZielony won on time"]

1. c4 Nf6 2. Nc3 g6 3. g3 d6 4. Bg2 Bg7 5. e4 O-O 6. Nge2 e5 7. O-O Be6 8. d3 c6 9. h3 a6 10. f4 exf4 11. Bxf4 b5 12. cxb5 axb5 13. b4 Ra3 14. Qd2 Qe7 15. Bg5 Nbd7 16. Kh2 Qd8 17. Rf2 Qc7 18.
Raf1 Nh5 19. Bh6 Ne5 20. Bxg7 Nxg7 21. Nf4 Qb6 22. Qc1 Rfa8 23. Rc2 Qd4 24. Rd1 Qxb4 25. d4 Nc4 26. d5 cxd5 27. Nfxd5 Qc5 28. Nf6+ Kf8 29. Nxh7+ Ke7 30. Nd5+ Bxd5 31. Qg5+ Kd7 32. Nf6+ Kc8 33. Nxd5 Ne6 34. Qe7 Qc6 35. e5 R3a7 36.
Qh4 Kd7 37. Nf6+ 1-0

[Event "*** Titled Tuesday Blitz"]
[Site "Chess.com"]
[Date "2020.05.05"]
[Round "3"]
[White "ZverevLev"]
[Black "czasnaszachy"]
[Result "1-0"]
[WhiteElo "2064"]
[BlackElo "2295"]
[TimeControl "180+1"]
[EndTime "10:29:42 PDT"]
[Termination "ZverevLev won by resignation"]

1. e4 c5 2. Nf3 e6 3. d4 cxd4 4. Nxd4 Nc6 5. Nc3 Qc7 6. Be3 a6 7. Be2 Nf6 8. O-O Bb4 9. Nxc6 bxc6 10. f3 d5 11. exd5 cxd5 12. f4 O-O 13. Bd4 Bc5 14.
Kh1 Bxd4 15. Qxd4 Bb7 16. Bf3 Rfd8 17. Rae1 Rac8 18. f5 exf5 19. Re5 Ne4 20. Rxf5 Nxc3 21. bxc3 Qxc3 22. Qh4 Rd6 23. Rxf7 Kxf7 24. Bxd5+ Ke8 25. Re1+ Qxe1+ 26. Qxe1+ Kd7 27. Bxb7 Rxc2 28. h3 Rcd2 29. Bf3 Rxa2 30. Bg4+ Kc7 31. Qe7+ Kc6 32. Bf3+ Kc5 33.
Qc7+ Kd4 34. Qxd6+ Ke3 35. Qe6+ 1-0

[Event "*** Titled Tuesday Blitz"]
[Site "Chess.com"]
[Date "2020.05.05"]
[Round "3"]
[White "kuba2006"]
[Black "Leonid_Starozhilov"]
[Result "1-0"]
[WhiteElo "2425"]
[BlackElo "2632"]
[TimeControl "180+1"]
[EndTime "10:29:43 PDT"]
[Termination "kuba2006 won by resignation"]

1. e4 g6 2. d4 Bg7 3. Be3 d6 4. Nc3 a6 5. f3 b5 6. Qd2 Nd7 7. O-O-O Bb7 8. g4 Ngf6 9. h4 Nb6 10. Bd3 c6 11. Kb1 Qc7 12. h5 O-O-O 13. h6 Bf8 14. g5 Nfd7 15. f4 e6 16. Nf3 Kb8 17. f5 c5 18. dxc5 Nxc5 19. Nd4 exf5 20. exf5 Nc4 21.
Bxc4 bxc4 22. Rhf1 d5 23. fxg6 fxg6 24. Rf6 Bd6 25.
Rdf1 Rd7 26. Rxd6 Rxd6 27. Bf4 Ka8 28. Qh2 Rhd8 29. Bxd6 Qxd6 30. Qxd6 Rxd6 31. Rf8+ Ka7 32. Ndb5+ axb5 33. Nxb5+ Kb6 34. Nxd6 Bc6 35. Rf7 d4 36. Nxc4+ Kb5 37. Ne5 Bd5 38. Rxh7 Ne6 39. Rd7 Be4 40. h7 1-0

[Event "*** Titled Tuesday Blitz"]
[Site "Chess.com"]
[Date "2020.05.05"]
[Round "3"]
[White "Batsai"]
[Black "AshotParvanyan"]
[Result "0-1"]
[WhiteElo "2273"]
[BlackElo "2503"]
[TimeControl "180+1"]
[EndTime "10:29:44 PDT"]
[Termination "AshotParvanyan won by resignation"]

1. e4 d6 2. d4 Nf6 3. Nc3 g6 4. f4 Bg7 5. Nf3 O-O 6. Bd3 Na6 7. O-O c5 8. d5 e6 9. h3 exd5 10. exd5 Nc7 11. Bc4 Bd7 12. a4 b6 13. Be3 a6 14.
Qd3 Re8 15. Bf2 Bf5 16. Qd2 Ne4 17. Nxe4 Bxe4 18. Ng5 Bf5 19. c3 b5 20. Bb3 Qd7 21. Bd1 h6 22. Nf3 Be4 23. f5 Qxf5 24. Bg3 Qxd5 25. Qxd5 Nxd5 26. axb5 axb5 27. Rxa8 Rxa8 28.
Bxd6 c4 29. Re1 f5 30. Nd2 Ra1 31. Bg3 Nxc3 32. bxc3 Bxc3 33. Bf4 g5 34. Be3 f4 35. Nxe4 Bxe1 36. Bd4 Rxd1 37. Nf6+ Kf7 38. Be5 c3 39. Kf1 Bd2+ 40. Ke2 Re1+ 41. Kd3 Rxe5 0-1

[Event "*** Titled Tuesday Blitz"]
[Site "Chess.com"]
[Date "2020.05.05"]
[Round "3"]
[White "CzechmVIII"]
[Black "Majesth"]
[Result "1-0"]
[WhiteElo "2251"]
[BlackElo "2436"]
[TimeControl "180+1"]
[EndTime "10:29:44 PDT"]
[Termination "CzechmVIII won on time"]

1. e4 g6 2. d4 Bg7 3. Nc3 d6 4. f4 a6 5. Nf3 b5 6. Bd3 Nd7 7. e5 c5 8. e6 fxe6 9. Ng5 Nf8 10. dxc5 Nf6 11. cxd6 exd6 12. O-O h6 13. Nge4 d5 14.
Nxf6+ Qxf6 15. Qe2 Kf7 16. a4 b4 17. Nd1 Nd7 18.
Nf2 Re8 19. Ng4 Qd4+ 20. Kh1 Ke7 21. Bxg6 Rf8 22. c3 Qb6 23. Be3 Qd6 24. Rad1 bxc3 25. bxc3 a5 26. f5 Ba6 27. Qd2 Bxf1 28. Rxf1 h5 29. Nh6 exf5 30. Nxf5+ Rxf5 31. Bxf5 Ne5 32. Bd4 Rf8 33. Bd3 Rxf1+ 34. Bxf1 Qf6 35. Bb5 Kd6 36.
Qe3 Qf5 37. Bc5+ Ke6 38. h3 Qb1+ 39. Kh2 Qe4 40. Qg5 Bf6 41. Qg8+ Kf5 42. Qc8+ 1-0

[Event "*** Titled Tuesday Blitz"]
[Site "Chess.com"]
[Date "2020.05.05"]
[Round "3"]
[White "kingofkolkata"]
[Black "Atanejhad"]
[Result "0-1"]
[WhiteElo "2208"]
[BlackElo "2477"]
[TimeControl "180+1"]
[EndTime "10:29:44 PDT"]
[Termination "Atanejhad won on time"]

1. Nf3 f5 2. d4 Nf6 3. g3 g6 4. Bg2 Bg7 5. c4 O-O 6. Nc3 d6 7. h4 Nbd7 8. h5 Nxh5 9. e4 e6 10. Ng5 Nb6 11. Bf3 Nf6 12. Qe2 h6 13. Nh3 g5 14. Nxg5 hxg5 15. Bxg5 Qe8 16. e5 dxe5 17. dxe5 Ng4 18. Bxg4 fxg4 19. Qxg4 Qg6 20. O-O-O Bxe5 21. f4 Bg7 22. Rd2 e5 23. Qh4 Nxc4 24. Rdh2 Ne3 25.
fxe5 Ng4 26. Rd2 Be6 27. Re1 Nf2 28. Rxf2 Rxf2 29. Bd2 Raf8 30. Ne4 Bxa2 31. Nf6+ Bxf6 32. exf6 R2xf6 0-1

[Event "*** Titled Tuesday Blitz"]
[Site "Chess.com"]
[Date "2020.05.05"]
[Round "3"]
[White "AnonymusDonkey"]
[Black "fish7728"]
[Result "1-0"]
[WhiteElo "2315"]
[BlackElo "2059"]
[TimeControl "180+1"]
[EndTime "10:29:44 PDT"]
[Termination "AnonymusDonkey won by checkmate"]

1. e4 c5 2. Nf3 e6 3. d4 cxd4 4. Nxd4 a6 5. g3 Qc7 6. Bg2 Nf6 7. O-O Be7 8. c4 O-O 9. Nc3 d6 10. Be3 Nbd7 11. Rc1 Rb8 12. f4 Re8 13. g4 e5 14.
Nf5 exf4 15. Bxf4 Ne5 16. g5 Nfg4 17. Nxe7+ Rxe7 18. Nd5 Qc5+ 19. Kh1 Re8 20. Qe2 Nc6 21. h3 Nge5 22. Be3 Qa5 23. b4 Nxb4 24. Bd2 Qxa2 25. Nxb4 Qb3 26. Nd5 Bxh3 27. Rc3 Bxg2+ 28. Qxg2 Qa2 29. Bf4 Qxg2+ 30. Kxg2 b5 31. cxb5 axb5 32. Rc7 Rf8 33. Bxe5 dxe5 34. Ne7+ Kh8 35. Nc6 Rb6 36. Rfxf7 Rg8 37. Ne7 b4 38. Nxg8 b3 39. Ne7 Rb8 40.
Rc1 b2 41. Rb1 h6 42. g6 Rd8 43. Rbf1 Rd2+ 44. Kh3 Rf2 45. R1xf2 b1=Q 46. Rf8# 1-0

[Event "*** Titled Tuesday Blitz"]
[Site "Chess.com"]
[Date "2020.05.05"]
[Round "3"]
[White "wonderfultime"]
[Black "1977Ivan"]
[Result "1-0"]
[WhiteElo "2921"]
[BlackElo "2643"]
[TimeControl "180+1"]
[EndTime "10:29:45 PDT"]
[Termination "wonderfultime won by resignation"]

1. d4 Nf6 2. Nf3 d6 3. Bg5 Nbd7 4. Nbd2 h6 5. Bh4 g5 6. Bg3 Nh5 7. e3 Bg7 8. Bd3 a6 9. c3 c5 10. Qe2 b5 11. a4 c4 12. Bc2 Bb7 13. O-O Nxg3 14.
hxg3 O-O 15. Ra2 Nb6 16. Rfa1 Qc7 17. e4 e5 18. Nf1 exd4 19. Nxd4 b4 20. a5 Nd7 21.
Ra4 bxc3 22. Rxc4 Qd8 23. bxc3 Rc8 24. Ne3 Ne5 25. Rxc8 Qxc8 26. Qd2 Nc4 27. Nxc4 Qxc4 28. Rb1 Ba8 29. Rb6 Rc8 30. Rxd6 Be5 31. Rxh6 Qxc3 32.
Qxg5+ Bg7 33. Nf5 Qa1+ 34. Kh2 Rxc2 35. Nxg7 Qxg7 36. Qd8+ Qf8 37. Rh8+ Kxh8 38. Qxf8+ Kh7 39. Qxa8 Rxf2 40. Qxa6 Kg7 41. Qb5 Rf6 42. Qg5+ Rg6 43.
Qxg6+ 1-0